 Dungeon Crawl Stone Soup version 0.29-a0-393-g47a863cc1b (webtiles) character file.

Game seed: 1587318940089264022

1591 Lekart the Slasher (level 8, -1/61 (70) HPs)
             Began as a Pale Draconian Chaos Knight on May 9, 2022.
             Was a Plaything of Xom.
             Slain by an iguana (6 damage)
             ... on level 7 of the Dungeon.
             The game lasted 00:12:49 (5797 turns).

Lekart the Slasher (Pale Draconian Chaos Knight)    Turns: 5797, Time: 00:12:49

HP:   -1/61 (70)    AC:  9    Str: 14    XL:     8   Next: 61%
MP:   8/8           EV: 13    Int: 14    God:    Xom [.*....]
Gold: 306           SH:  0    Dex: 12    Spells: 7/7 levels left

rFire   x . .      SeeInvis .   f - +2 broad axe (vorpal)
rCold   . . .      Faith    .   (no shield)
rNeg    . . .      Spirit   .   (body armour unavailable)
rPois   +          Reflect  .   (helmet restricted)
rElec   .          Harm     .   (no cloak)
rCorr   .          Rampage  +   k - +1 pair of gloves
Will    .....                   i - +0 pair of boots
Stlth   +.........              e - amulet of the Doge {Rampage +Inv rPois rF- Regen+}
HPRegen 1.00/turn               (no ring)
MPRegen 0.11/turn               (no ring)

@: heavily drained
A: breathe steam, AC +6, unfitting armour, cold-blooded, steam resistance
a: Breathe Steam, Renounce Religion, Evoke Invisibility


You were on level 7 of the Dungeon.
You worshipped Xom.
You were a plaything of Xom.
You visited 2 branches of the dungeon, and saw 8 of its levels.

You collected 306 gold pieces.

Inventory:

Hand Weapons
 a - a +1 vorpal falchion
 f - a +2 vorpal broad axe (weapon)
Missiles
 g - 6 boomerangs of dispersal
 l - 2 javelins (quivered)
 m - 2 throwing nets
Armour
 i - a +0 pair of boots (worn)
 k - a +1 pair of gloves (worn)
Jewellery
 c - an amulet of magic regeneration
 d - a ring of fire
 e - the amulet of the Doge (around neck) {Rampage +Inv rPois rF- Regen+}
   (You acquired it on level 5 of the Dungeon)

   [amulet of regeneration]

   rF:        It makes you vulnerable to fire.
   rPois:     It protects you from poison.
   +Inv:      It lets you turn invisible.
   Regen:     It increases your rate of health regeneration.
   Rampage:   It bestows one free step when moving towards enemies.
 h - a ring of wizardry
Wands
 n - a wand of iceblast (5)
Miscellaneous
 b - a piece from Xom's chessboard (11/15)


   Skills:
 + Level 5.7 Fighting
 + Level 7.4 Long Blades
 + Level 2.6 Axes
 + Level 1.0 Throwing
 + Level 5.1 Dodging
 + Level 4.0 Evocations


You had 7 spell levels left.
You didn't know any spells.
Your spell library contained the following spells:

 Spells                   Type           Power      Damage    Failure   Level
 Pain                     Necr           0%         1d4       28%         1
 Agony                    Necr           0%         N/A       100%        5
 Excruciating Wounds      Necr           0%         N/A       100%        5


Dungeon Overview and Level Annotations

Branches:
Dungeon (7/15)             Temple (1/1) D:6

Altars:
Ashenzari
Cheibriados
Dithmenos
Elyvilon
Gozag
Hepliaklqana
Kikubaaqudgha
Makhleb
Nemelex Xobeh
Okawaru
Ru
Sif Muna
Trog
Uskayaw
Vehumet
Wu Jian
Xom
Yredelemnul
The Shining One

Shops:
D:7 [

Annotations:
D:2 exclusion: downstairs
D:4 Grinder


Innate Abilities, Weirdness & Mutations

You can breathe blasts of scalding, opaque steam.
Your pale cyan-grey scales are hard. (AC +6)
You cannot fit into any form of body armour.
You are cold-blooded and may be slowed by cold attacks.
You are immune to the effects of steam.


Message History

* * * LOW HITPOINT WARNING * * *
The iguana bites you but does no damage.
The wight completely misses you.
You are too injured to fight recklessly!
You are too injured to fight recklessly!
The wight attacks as you move away! The wight hits you with a +2 flail.
* * * LOW HITPOINT WARNING * * *
A wight comes into view. It is wielding a +3 scimitar.
Xom's power touches on a nearby weapon.
The wight's +4 halberd erupts in a glittering mayhem of colour.
The wight barely misses you. The wight attacks as you move away!
The wight barely misses you. The iguana attacks as you move away!
The iguana barely misses you.
Things that are here:
a +0 battleaxe; a +0 robe; a scroll labelled VOPPYX FUCO The wight attacks as you move away!
The wight misses you.
Things that are here:
a +3 battleaxe; a +0 robe The wight attacks as you move away!
The wight hits you with a +2 flail!
* * * LOW HITPOINT WARNING * * *
You feel drained.
* * * LOW HITPOINT WARNING * * *
Xom titters.
You are confused.
You bump into the rock wall.
The iguana misses you.
There is an open door here.
The iguana bites you!
* * * LOW HITPOINT WARNING * * *
You bump into the rock wall.
You feel less confused. The iguana bites you.
* * * LOW HITPOINT WARNING * * *
You aren't carrying any potions.
You aren't carrying any scrolls.
Unknown command.
Okay, then.
You aren't carrying any potions.
The iguana bites you.
You die...
Xom chuckles heartily!

**,, ,.....#...#......*
,,,,,,,.....#....#,... ,,
,,,,. #>#...)#,, .,* ,
,,** ****#.#.##z#, , ,*
**** ####...##.#,,, ,* *
#.......#z#***** *
#.......#z###########
#.......#l##........#
#.......@.##........###
#.......####........+.#
#.....∩.# #........#.###
#######.##########'##....
#.#....#####....##.
####...##..........##.
#.......#..#######.##.
#.####..#.......#.....
#.....#....####.#.#..#


You could see an iguana and 3 wights.

Vanquished Creatures
  Maggie (D:6)
  Sigmund (D:3)
  A wyvern (D:6)
  An acid dragon (shapeshifter) (D:5)
  An ice beast (D:6)
  An ogre (D:4)
  2 bullfrogs (D:6)
  A scorpion (D:6)
  2 wights (D:7)
  A jelly (D:5)
  3 hounds
  2 orc priests (D:6)
  Ijyb (D:5)
  An iguana (D:5)
  Terence (D:3)
  3 gnolls (D:5)
  4 adders
  2 ufetubi
  2 worms
  3 dart slugs
  7 orcs
  4 bats
  8 endoplasms
  5 giant cockroaches
  7 goblins
  7 hobgoblins
  9 jackals
  5 quokkas
  13 ball pythons
  5 frilled lizards
  11 kobolds
  9 rats
  A toadstool (D:1)
125 creatures vanquished.

Vanquished Creatures (others)
  3 toadstools (D:1)
3 creatures vanquished.

Grand Total: 128 creatures vanquished

Notes
Turn   | Place    | Note
-------+----------+-------------------------------------------
     0 | D:1      | Lekart the Draconian Chaos Knight began the quest for the
                  | Orb.
     0 | D:1      | Reached XP level 1. HP: 19/19 MP: 1/1
   212 | D:1      | Found a faded altar of an unknown god.
   299 | D:1      | Reached XP level 2. HP: 26/26 MP: 2/2
   649 | D:1      | Reached XP level 3. HP: 32/33 MP: 3/3
   866 | D:1      | XOM: silly message
  1191 | D:2      | XOM: divination: detect creatures
  1389 | D:2      | Reached skill level 4 in Long Blades
  1446 | D:2      | XOM: 2-stop teleportation journey
  1506 | D:2      | Reached XP level 4. HP: 40/40 MP: 4/4
  2054 | D:2      | XOM: silly message
  2315 | D:3      | Noticed Sigmund
  2437 | D:3      | Found a sacrificial altar of Ru.
  2616 | D:3      | XOM: 5-stop teleportation journey
  2865 | D:3      | Killed Sigmund
  2866 | D:3      | Reached skill level 5 in Long Blades
  2866 | D:3      | Reached skill level 1 in Evocations
  2866 | D:3      | Reached XP level 5. HP: 31/47 MP: 5/5
  2866 | D:3      | Reached XP level 6. HP: 36/53 MP: 6/6
  2944 | D:3      | Noticed Terence
  2961 | D:3      | Killed Terence
  3141 | D:3      | XOM: summons 1 hostile demon
  3367 | D:4      | XOM: noise
  3402 | D:4      | Reached skill level 1 in Throwing
  3444 | D:4      | XOM: cloud trail
  3578 | D:4      | Found a broken altar of Ashenzari.
  3583 | D:4      | Saw a vision of the Shoals and the Spider Nest.
  3583 | D:4      | Noticed a merfolk siren
  3583 | D:4      | Noticed a merfolk siren
  3583 | D:4      | Noticed a merfolk
  3583 | D:4      | Noticed a merfolk
  3583 | D:4      | Noticed a merfolk
  3583 | D:4      | Noticed a merfolk
  3583 | D:4      | Noticed a merfolk
  3583 | D:4      | Noticed a redback
  3583 | D:4      | Noticed a redback
  3583 | D:4      | Noticed a redback
  3583 | D:4      | Noticed a redback
  3583 | D:4      | Noticed a redback
  3583 | D:4      | Noticed a redback
  3784 | D:4      | XOM: cloud trail
  3885 | D:4      | Noticed Grinder
  3888 | D:4      | XOM: potion effect (haste)
  3889 | D:4      | Paralysed by Grinder for 3 turns
  3905 | D:4      | Noticed Grinder
  3905 | D:4      | Grinder changed into Grinder the hell beast
  3905 | D:4      | XOM: polymorph Grinder -> Grinder the hell beast
  3948 | D:3      | XOM: scenery: summon butterflies
  4248 | D:5      | Entered Level 5 of the Dungeon
  4255 | D:5      | Identified a scroll of acquirement
  4255 | D:5      | Acquired the amulet of the Doge {Rampage +Inv rPois rF-
                  | Regen+}
  4348 | D:5      | XOM: cast spell 'Summon Horrible Things'
  4355 | D:5      | Your scales start taking on a pale cyan-grey colour.
  4355 | D:5      | Reached XP level 7. HP: 51/60 MP: 7/7
  4355 | D:5      | Gained mutation: You are immune to the effects of steam.
                  | [Pale Draconian growth]
  4474 | D:5      | Noticed Ijyb
  4490 | D:5      | Killed Ijyb
  4526 | D:5      | Reached skill level 6 in Long Blades
  4597 | D:5      | Noticed a shapeshifter
  4597 | D:5      | an adder changed into a shapeshifter
  4597 | D:5      | XOM: polymorph adder -> shapeshifter
  4597 | D:5      | Noticed a basilisk
  4597 | D:5      | a shapeshifter changed into a basilisk
  4602 | D:5      | a basilisk changed into an acid dragon
  5106 | D:6      | Found a sparkling altar of Nemelex Xobeh.
  5129 | D:6      | Noticed Maggie
  5136 | D:6      | XOM: butterfly on damage
  5143 | D:6      | HP: 3/60 [Maggie/+2 vorpal broad axe (6)]
  5148 | D:6      | Killed Maggie
  5149 | D:6      | Reached skill level 5 in Fighting
  5170 | D:6      | Reached XP level 8. HP: 54/68 MP: 8/8
  5303 | D:6      | XOM: enchant monster (bad)
  5309 | D:6      | Reached skill level 7 in Long Blades
  5377 | D:6      | XOM: divination: detect creatures
  5427 | D:6      | Reached skill level 1 in Axes
  5429 | D:6      | Reached skill level 5 in Dodging
  5448 | D:6      | Found a staircase to the Ecumenical Temple.
  5493 | Temple   | Entered the Ecumenical Temple
  5668 | Temple   | XOM: noise
  5755 | D:7      | Found Ozac's Antique Armour Shoppe.
  5783 | D:7      | XOM: divination: magic mapping
  5786 | D:7      | XOM: chaos upgrade
  5791 | D:7      | XOM: confusion
  5797 | D:7      | Slain by an iguana

Illustrated notes

Levels and vault maps discovered:
D:1:      ldierk_water_garden, layout_loops_ring,
          hellmonk_ecumenical_altar_leap_of_faith
D:2:      minmay_inner_zag, layout_loops_corners, grunt_ministairs_7,
          hangedman_feature_mirror
D:3:      cheibrodos_helix_gallery, layout_basic,
          nicolae_ru_sacrificial_ziggurat, uniq_sigmund, uniq_terence
D:4:      layout_gridville, grunt_ashenzari_visionary
          [grunt_ashenzari_visionary_shoals, grunt_ashenzari_visionary_spider],
          uniq_grinder
D:5:      layout_loops_ring, minmay_crystal_water, uniq_ijyb
D:6:      layout_basic, nemelex_xobeh_ov_fountains_minmay, temple_green,
          serial_shops, shop, uniq_maggie
D:7:      layout_basic, serial_shops, shop, gammafunk_ghost_split,
          uniq_menkaure, uniq_pikel
Temple:   eino_temple_scatter_basement

Skill      XL: |  1  2  3  4  5  6  7  8 |
---------------+-------------------------+-----
Fighting       | 4 5 |  5.7
Long Blades    | 4 5 6 7 |  7.4
Dodging        | 3 4 5 |  5.1
Evocations     | 1 2 3 4 |  4.0
Throwing       | 1 |  1.0
Axes           | 2 |  2.6

Action                   |  1- 3 |  4- 6 |  7- 9 || total
-------------------------+-------+-------+-------++-------
Melee: Falchion          |   124 |   152 |    37 ||   313
       Tailslap          |    13 |    17 |    13 ||    43
       Punch             |     1 |     1 |     1 ||     3
       Broad axe         |       |       |    43 ||    43
Throw: Javelin           |       |     7 |       ||     7
 Abil: Breathe Steam     |       |       |     3 ||     3
Evoke: Piece from Xom's  |    13 |     5 |     4 ||    22
       Wand              |       |    13 |     8 ||    21
  Use: Scroll            |       |     9 |     1 ||    10
       Potion            |       |     4 |     2 ||     6
 Stab: Sleeping          |     2 |     2 |     1 ||     5
       Paralysed         |       |     4 |       ||     4
       Petrified         |       |       |     3 ||     3
       Petrifying        |       |       |     1 ||     1
Armor: Skin              |    43 |    47 |    26 ||   116
Dodge: Dodged            |   103 |   108 |    65 ||   276

Table legend: (Time is in decaauts)
 A = Elapsed time spent in this place.
 B = Non-inter-level travel time spent in this place.
 C = Inter-level travel time spent in this place.
 D = Time resting spent in this place.
 E = Time spent auto-exploring this place.
 F = Levels seen in this place.
 G = Mean time per level.
                   A        B        C        D        E       F      G
               +--------+--------+--------+--------+--------+-----+--------+
         Total |   5822 |   5506 |    316 |    506 |   3747 |   8 |  727.8 |
       Dungeon |   5613 |   5316 |    297 |    506 |   3573 |   7 |  801.9 |
        Temple |    208 |    189 |     19 |      0 |    174 |   1 |  208.0 |
               +--------+--------+--------+--------+--------+-----+--------+

Top non-repeatable levels by time:
     D:2: 1402 daAuts
     D:3: 1295 daAuts
     D:1: 967 daAuts
     D:5: 848 daAuts
     D:4: 583 daAuts
     D:6: 428 daAuts
  Temple: 208 daAuts
     D:7: 89 daAuts
